 Dungeon Crawl Stone Soup version 0.28.0-45-g0d030f2227 (webtiles) character file.

Game seed: 7473226074602924531

28 RascalDebosk the Skirmisher (level 3, 0/29 HPs)
             Began as a Demonspawn Berserker on Apr 12, 2022.
             Was a Believer of Trog.
             Slain by a hobgoblin (4 damage)
             ... led by Robin
             ... on level 2 of the Dungeon.
             The game lasted 00:05:02 (934 turns).

RascalDebosk the Skirmisher (Demonspawn Berserker)   Turns: 934, Time: 00:05:02

Health: 0/29       AC:  8    Str: 19    XL:     3   Next: 0%
Magic:  3/3        EV:  7    Int:  8    God:    Trog [**....]
Gold:   89         SH:  0    Dex: 12    Spells: 2/2 levels left

rFire   . . .      SeeInvis .   a - +0 hand axe
rCold   . . .      Faith    .   (no shield)
rNeg    . . .      Spirit   .   c - +0 chain mail
rPois   .          Reflect  .   (helmet restricted)
rElec   .          Harm     .   (no cloak)
rCorr   .          Rampage  .   (no gloves)
Will    .....                   (no boots)
Stlth   ..........              (no amulet)
HPRegen 0.09/turn               (no ring)
MPRegen 0.08/turn               (no ring)

@: on berserk cooldown, slowed, very slow
A: horns 1
a: Renounce Religion, Berserk, Trog's Hand


You were on level 2 of the Dungeon.
You worshipped Trog.
Trog was pleased with you.
You visited 1 branch of the dungeon, and saw 2 of its levels.

You collected 89 gold pieces.

Inventory:

Hand Weapons
 a - a +0 hand axe (weapon)
Missiles
 d - 4 javelins (quivered)
Armour
 c - a +0 chain mail (worn)
Jewellery
 f - an amulet of regeneration
 g - a ring of ice
Scrolls
 b - a scroll of magic mapping {unknown}
Potions
 e - 2 potions of curing {unknown}


   Skills:
 + Level 3.2 Fighting
 + Level 2.9 Axes
 + Level 0.8 Throwing
 + Level 2.1 Armour
 - Level 1.7 Dodging
 + Level 1.0 Evocations


You had 2 spell levels left.
You didn't know any spells.
Your spell library was empty.

Dungeon Overview and Level Annotations

Branches:
Dungeon (2/15)

Altars:

Shops:
D:2 =

Annotations:
D:2 Robin


Innate Abilities, Weirdness & Mutations

You have a pair of small horns on your head.


Message History

The goblin hits you with a +0 club. x2; The goblin barely misses you.
The goblin hits you but does no damage. x2
You barely miss the goblin. You hit the goblin.
You kill the goblin!
Trog accepts your kill.
You hit the goblin. The goblin barely misses you.
The goblin hits you but does no damage. x3
You hit the goblin. You headbutt the goblin.
You kill the goblin!
Trog accepts your kill.
You hit the goblin.
You kill the goblin!
Trog accepts your kill.
You closely miss the goblin. You hit the goblin.
You kill the goblin!
Trog accepts your kill.
You can now call upon Trog for regeneration and willpower.
You hit the goblin. The goblin hits you with a +0 club.
The goblin hits you with a +0 dagger.
Robin roars a battlecry!
The goblins go into a battle-frenzy!
Your Evocations skill increases to level 1!
You have reached level 3!
Your experience leads to an increase in your attributes!
Increase (S)trength, (I)ntelligence, or (D)exterity?
You feel stronger. x2
Save game and exit?
Okay, then.
You hit the hobgoblin.
The hobgoblin is almost dead.
You closely miss the goblin. You hit the goblin.
The goblin hits you but does no damage. x2; The goblin hits you with a +0 club.
The hobgoblin closely misses you. The goblin hits you with a +0 dagger.
* * * LOW HITPOINT WARNING * * *
Robin hits you but does no damage. The hobgoblin hits you.
* * * LOW HITPOINT WARNING * * *
The goblin barely misses you. x2; The goblin hits you but does no damage.
Robin hits you but does no damage. The hobgoblin hits you.
You die...

#.........♣.
#.....$.....
#..........#
#..........#
#..........#
#..........#
#.g....gg..#
#)gg#'#g...#
#g@g#.# ..#
#####.# # ∩#
.≈ .≈ <#


You could see Robin, a hobgoblin (strong) and 3 goblins.

Vanquished Creatures
  A dart slug (D:1)
  An endoplasm (D:1)
  A giant cockroach (D:1)
  7 goblins
  2 hobgoblins (D:1)
  4 jackals (D:1)
  2 ball pythons (D:1)
  A frilled lizard (D:1)
  2 kobolds (D:1)
  A rat (D:1)
22 creatures vanquished.

Vanquished Creatures (others)
  8 plants (D:1)
8 creatures vanquished.

Grand Total: 30 creatures vanquished

Notes
Turn   | Place    | Note
-------+----------+-------------------------------------------
     0 | D:1      | RascalDebosk the Demonspawn Berserker began the quest for
                  | the Orb.
     0 | D:1      | Reached XP level 1. HP: 18/18 MP: 1/1
    50 | D:1      | Found a faded altar of an unknown god.
   168 | D:1      | Gained mutation: You have a pair of small horns on your
                  | head. [demonic ancestry]
   168 | D:1      | Reached XP level 2. HP: 17/24 MP: 2/2
   926 | D:2      | Found Heker's Jewellery Shoppe.
   926 | D:2      | Noticed Robin
   932 | D:2      | Reached ** piety under Trog
   933 | D:2      | Reached skill level 1 in Evocations
   933 | D:2      | Reached XP level 3. HP: 15/29 MP: 3/3
   934 | D:2      | Slain by a hobgoblin

Illustrated notes

Levels and vault maps discovered:
D:1:      minmay_arrival_checkered_box, layout_rooms,
          shapermc_ecumenical_altar_ellora, minmay_misc_feat_hallway,
          chequers_serial_rivers_large_b, st_stairs_14, serial_bayou_lagoon_a,
          minmay_ruptured
D:2:      minmay_spotlight, layout_rooms, serial_forest,
          infiniplex_forest_clump_curved, infiniplex_forest_corner_1,
          infiniplex_forest_straight_2, infiniplex_forest_clump_large,
          infiniplex_forest_lined_2, serial_shops, nicolae_shop_hallway_stairs,
          uniq_robin

Skill      XL: |  1  2 |
---------------+-------+-----
Armour         | 2 |  2.1
Evocations     | 1 |  1.0
Fighting       | |  3.2
Axes           | |  2.9
Throwing       | |  0.8
Dodging        | |  1.7

Action                   || total
-------------------------++-------
Melee: Hand axe          ||    54
       Punch             ||     3
       Headbutt          ||     6
Invok: Berserk           ||     1
Armor: Chain mail        ||    33
Dodge: Dodged            ||    24
